 Dungeon Crawl Stone Soup version 0.23.1 (webtiles) character file.

Game seed: 9264430282803927661

35 misha the Skirmisher (level 3, 33/33 HPs)
             Began as a Minotaur Abyssal Knight on Mar 2, 2019.
             Was a Follower of Lugonu.
             Got out of the dungeon alive.
             The game lasted 00:03:59 (1486 turns).

misha the Skirmisher (Minotaur Abyssal Knight)      Turns: 1486, Time: 00:04:00

Health: 33/33      AC:  3    Str: 17    XL:     3   Next: 16%
Magic:  3/3        EV: 11    Int:  9    God:    Lugonu [*.....]
Gold:   94         SH:  0    Dex:  9    Spells: 2/2 levels left

rFire    . . .     SeeInvis .   a - +1 mace
rCold    . . .     Gourm    .   (no shield)
rNeg     . . .     Faith    .   b - +0 leather armour
rPois    .         Spirit   .   (helmet restricted)
rElec    .         Reflect  .   (no cloak)
rCorr    .         Harm     .   (no gloves)
MR       .....                  (no boots)
Stlth    +.........             (no amulet)
HPRegen  0.11/turn              (no ring)
MPRegen  0.08/turn              (no ring)

@: no status effects
A: retaliatory headbutt, horns 2
a: Depart the Abyss, Renounce Religion


You escaped.
You worshipped Lugonu.
Lugonu was aware of your devotion.
You were not hungry.

You visited 1 branch of the dungeon, and saw 1 of its levels.
You visited the Abyss 1 time.

You collected 94 gold pieces.

Inventory:

Hand Weapons
 a - a +1 mace (weapon)
Missiles
 i - 15 stones (quivered)
 l - 5 tomahawks
Armour
 b - a +0 leather armour (worn)
Jewellery
 g - a +3 ring of evasion {unknown}
Scrolls
 d - a scroll of enchant armour {unknown}
 e - a scroll of remove curse {unknown}
 f - a scroll of identify {unknown}
 j - a scroll of fog {unknown}
Potions
 h - a potion of magic {unknown}
Comestibles
 c - 5 rations


   Skills:
 + Level 4.3 Fighting
 + Level 2.8 Maces & Flails
 + Level 2.8 Armour
 + Level 1.5 Dodging
 + Level 2.1 Invocations


You had 2 spell levels left.
You didn't know any spells.
Your spell library was empty.

Dungeon Overview and Level Annotations

Branches:
Dungeon (1/15)

Altars:


Innate Abilities, Weirdness & Mutations

You reflexively headbutt those who attack you in melee.
You have a pair of horns on your head.


Message History

The centaur shouts!
Press: ? - help, . - travel You can't see that place. [a teleport trap.] Unknown command.
Unknown command.
Unknown command.
The orc sings a few bars from the Orcish anthem.
There is a staircase leading out of the dungeon here.
You can't go down here!
Are you sure you want to leave the Dungeon?
This will make you lose the game! [Y]es or [N]o only, please.
Are you sure you want to leave the Dungeon?
This will make you lose the game! [Y]es or [N]o only, please.
Are you sure you want to leave the Dungeon?
This will make you lose the game! [Y]es or [N]o only, please.
Are you sure you want to leave the Dungeon?
This will make you lose the game! [Y]es or [N]o only, please.
Are you sure you want to leave the Dungeon?
This will make you lose the game!
You have escaped!

.......# #^#..#h#
#........... .......#
###..################
######## #h#...#V#
###...### #Z#...#^#
###...### #c#...#Z#
###...### ##@## ###


You could see a centaur and a formicid zombie.

Vanquished Creatures
  2 dart slugs (D:1)
  2 giant cockroaches (D:1)
  4 goblins (D:1)
  3 hobgoblins (D:1)
  2 jackals (D:1)
  4 bats (D:1)
  A frilled lizard (D:1)
  6 kobolds (D:1)
  5 rats (D:1)
29 creatures vanquished.

Notes
Turn   | Place    | Note
-------+----------+-------------------------------------------
     0 | Abyss:1  | misha the Minotaur Abyssal Knight began the quest for the
                  | Orb.
     0 | Abyss:1  | Reached XP level 1. HP: 19/19 MP: 1/1
     1 | D:1      | Escaped the Abyss
     1 | D:1      | Noticed a centaur
     6 | D:1      | Noticed a vampire
     8 | D:1      | Noticed a felid
     9 | D:1      | Noticed a felid
    18 | D:1      | Noticed an elf
    24 | D:1      | Noticed an ogre
    26 | D:1      | Noticed a formicid
   264 | D:1      | Reached skill level 4 in Fighting
   595 | D:1      | Reached XP level 2. HP: 24/27 MP: 2/2
   930 | D:1      | Reached * piety under Lugonu
  1183 | D:1      | Reached XP level 3. HP: 33/33 MP: 3/3
  1486 | D:$      | Got out of the dungeon alive.

Skill      XL: |  1  2 |
---------------+-------+-----
Fighting       | 4 |  4.3
Invocations    | 2 |  2.1
Maces & Flails | |  2.8
Armour         | |  2.8
Dodging        | |  1.5

Action                   || total
-------------------------++-------
Melee: Mace              ||    54
       Headbutt          ||     3
Invok: Depart the Abyss  ||     1
  Eat: Chunk             ||     2
Armor: Leather armour    ||    28
Dodge: Dodged            ||    41
